SAA
WESTWOOD SIXSHOOTERS @ SAN ANTONIO BC
09/05/2030
 
TOP OF THE 1ST
Westwood Sixshooters batting - Pitching for San Antonio BC : RHP Pete Venegas
Pitching: RHP Pete Venegas
Batting: LHB Mitchell Cusimano 0-0: Ball
1-0: Fly out, F6 (Line Drive, 6)
Batting: LHB Phil Minor 0-0: Ball
1-0: Swinging Strike
1-1: Ball
2-1: Called Strike
2-2: Ball
3-2: Strikes out swinging
Batting: RHB Steve Bock 0-0: Ball
1-0: Ground out 6-3 (Groundball, 6)
Top of the 1st over - 0 runs, 0 hits, 0 errors, 0 left on base; Westwood 0 - San Antonio 0
BOTTOM OF THE 1ST
San Antonio BC batting - Pitching for Westwood Sixshooters : RHP Ray Mangas
Pitching: RHP Ray Mangas
Batting: RHB Louis Litt 0-0: Ball
1-0: Called Strike
1-1: SINGLE (Groundball, 34S) (infield hit)
Batting: SHB Esteban Borsellino 0-0: Ball
1-0: Called Strike
Louis Litt is caught stealing 2nd base
1-1: Ball
2-1: Ground out 5-3 (Groundball, 5)
Batting: RHB Mike Howard 0-0: Ground out 6-3 (Groundball, 6)
Bottom of the 1st over - 0 runs, 1 hit, 0 errors, 0 left on base; Westwood 0 - San Antonio 0
TOP OF THE 2ND
Westwood Sixshooters batting - Pitching for San Antonio BC : RHP Pete Venegas
Batting: RHB Jesús Ruano 0-0: Ball
1-0: Ball
2-0: Fly out, F9 (Flyball, 89D)
Batting: SHB Arsenio Sameiro 0-0: Ball
1-0: Foul Ball, location: 2F
1-1: Ball
2-1: Ball
3-1: Foul Ball, location: 2F
3-2: Foul Ball, location: 2F
3-2: Ground out 4-3 (Groundball, 4)
Batting: LHB José Vázquez 0-0: Ball
1-0: DOUBLE (Groundball, 3L)
Batting: RHB Simone Catalani 0-0: Called Strike
0-1: Fly out, F9 (Flyball, 89S)
Top of the 2nd over - 0 runs, 1 hit, 0 errors, 1 left on base; Westwood 0 - San Antonio 0
BOTTOM OF THE 2ND
San Antonio BC batting - Pitching for Westwood Sixshooters : RHP Ray Mangas
Batting: RHB Abraham Phelps 0-0: Swinging Strike
0-1: Swinging Strike
0-2: Foul Ball, location: 2F
0-2: Ball
1-2: Strikes out looking
Batting: SHB Scotty Vallee 0-0: Foul Ball, location: 2F
0-1: Ball
1-1: Swinging Strike
1-2: Ball
2-2: Strikes out swinging
Batting: SHB Anastasio Delgadilo 0-0: Called Strike
0-1: Foul Ball, location: 2F
0-2: Ball
1-2: Ball
2-2: SINGLE (Groundball, 34D)
Batting: LHB Raúl Trevino 0-0: Called Strike
0-1: Ball
Anastasio Delgadilo steals 2nd base
1-1: Foul Ball, location: 2F
1-2: Foul Ball, location: 2F
1-2: Foul Ball, location: 2F
1-2: Strikes out swinging
Bottom of the 2nd over - 0 runs, 1 hit, 0 errors, 1 left on base; Westwood 0 - San Antonio 0
TOP OF THE 3RD
Westwood Sixshooters batting - Pitching for San Antonio BC : RHP Pete Venegas
Batting: SHB Jesús Rodríguez 0-0: Called Strike
0-1: Foul Ball, location: 2F
0-2: SINGLE (Groundball, 4MD)
Batting: RHB Nick Hoskins 0-0: Called Strike
0-1: Ball
1-1: Ball
2-1: Foul Ball, location: 2F
2-2: SINGLE (Groundball, 6S) (infield hit)
Jesús Rodríguez to second
Batting: LHB Mitchell Cusimano 0-0: Called Strike
0-1: DOUBLE (Line Drive, 8LD)
Jesús Rodríguez scores
Nick Hoskins to third
Batting: LHB Phil Minor 0-0: SINGLE (Flyball, 9S)
Nick Hoskins scores
Mitchell Cusimano to third
Batting: RHB Steve Bock 0-0: Ball
1-0: SINGLE (Groundball, 6D)
Mitchell Cusimano scores
Phil Minor to second
Batting: RHB Jesús Ruano 0-0: Ball
1-0: Swinging Strike
1-1: Swinging Strike
1-2: Foul Ball, location: 2F
1-2: Strikes out swinging
Batting: SHB Arsenio Sameiro 0-0: Grounds into double play, 1-6-3 (Groundball, 13)
Top of the 3rd over - 3 runs, 5 hits, 0 errors, 1 left on base; Westwood 3 - San Antonio 0
BOTTOM OF THE 3RD
San Antonio BC batting - Pitching for Westwood Sixshooters : RHP Ray Mangas
Batting: RHB Ben Hampton 0-0: Ball
1-0: Called Strike
1-1: Ball
2-1: Ball
3-1: Base on Balls
Batting: RHB Orlando Hernández 0-0: Ball
1-0: Called Strike
1-1: Called Strike
1-2: Ball
2-2: Strikes out swinging
Batting: RHB Louis Litt 0-0: Ball
Ben Hampton steals 2nd base
1-0: Foul Ball, location: 2F
1-1: Ball
2-1: Ground out 6-3 (Groundball, 6)
Batting: SHB Esteban Borsellino 0-0: Ball
1-0: Ball
Balk!
Ben Hampton to third
2-0: Swinging Strike
2-1: Called Strike
2-2: Strikes out looking
Bottom of the 3rd over - 0 runs, 0 hits, 0 errors, 1 left on base; Westwood 3 - San Antonio 0
TOP OF THE 4TH
Westwood Sixshooters batting - Pitching for San Antonio BC : RHP Pete Venegas
Batting: LHB José Vázquez 0-0: Swinging Strike
0-1: SINGLE (Line Drive, 6D)
Batting: RHB Simone Catalani 0-0: Called Strike
0-1: Fly out, F7 (Flyball, 7LS)
Batting: SHB Jesús Rodríguez 0-0: Ball
1-0: Ball
2-0: Ball
3-0: Called Strike
3-1: Fly out, F3 (Line Drive, 3)
Batting: RHB Nick Hoskins 0-0: Ball
1-0: Called Strike
1-1: Ground out U3 (Groundball, 3L)
Top of the 4th over - 0 runs, 1 hit, 0 errors, 1 left on base; Westwood 3 - San Antonio 0
BOTTOM OF THE 4TH
San Antonio BC batting - Pitching for Westwood Sixshooters : RHP Ray Mangas
Batting: RHB Mike Howard 0-0: Called Strike
0-1: Swinging Strike
0-2: Ball
1-2: Ball
2-2: Ball
3-2: Foul Ball, location: 2F
3-2: Strikes out swinging
Batting: RHB Abraham Phelps 0-0: Foul Ball, location: 2F
0-1: Swinging Strike
0-2: Foul Ball, location: 2F
0-2: Strikes out swinging
Batting: SHB Scotty Vallee 0-0: Ball
1-0: Ball
2-0: Called Strike
2-1: SINGLE (Groundball, 3D)
Batting: SHB Anastasio Delgadilo 0-0: Ball
1-0: Ball
2-0: Foul Ball, location: 2F
2-1: Called Strike
2-2: Ball
3-2: Foul Ball, location: 2F
3-2: Base on Balls
Scotty Vallee to second
Batting: LHB Raúl Trevino 0-0: Called Strike
0-1: Ground out U3 (Groundball, 34S)
Bottom of the 4th over - 0 runs, 1 hit, 0 errors, 2 left on base; Westwood 3 - San Antonio 0
TOP OF THE 5TH
Westwood Sixshooters batting - Pitching for San Antonio BC : RHP Pete Venegas
Batting: LHB Mitchell Cusimano 0-0: Fly out, F6 (Line Drive, 6)
Batting: LHB Phil Minor 0-0: Ball
1-0: Ball
2-0: Called Strike
2-1: Called Strike
2-2: Strikes out swinging
Batting: RHB Steve Bock 0-0: Ball
1-0: Reached on error, E3 (Groundball, 3)
Batting: RHB Jesús Ruano 0-0: Called Strike
Steve Bock steals 2nd base
0-1: Fly out, F6 (Popup, 6MD)
Top of the 5th over - 0 runs, 0 hits, 1 error, 1 left on base; Westwood 3 - San Antonio 0
BOTTOM OF THE 5TH
San Antonio BC batting - Pitching for Westwood Sixshooters : RHP Ray Mangas
Batting: RHB Ben Hampton 0-0: Ball
1-0: Swinging Strike
1-1: Ball
2-1: Foul Ball, location: 2F
2-2: Ball
3-2: Strikes out swinging
Batting: RHB Orlando Hernández 0-0: SINGLE (Groundball, 6MD)
Batting: RHB Louis Litt 0-0: Ball
1-0: Ball
2-0: Called Strike
2-1: Fly out, F4 (Line Drive, 4)
Pitching: RHP Raúl Colón
Batting: SHB Esteban Borsellino 0-0: Ball
1-0: Ball
2-0: Ball
3-0: Base on Balls
Orlando Hernández to second
Batting: RHB Mike Howard 0-0: Swinging Strike
0-1: Called Strike
0-2: Foul Ball, location: 2F
0-2: Foul Ball, location: 2F
0-2: Ball
1-2: Strikes out swinging
Bottom of the 5th over - 0 runs, 1 hit, 0 errors, 2 left on base; Westwood 3 - San Antonio 0
TOP OF THE 6TH
Westwood Sixshooters batting - Pitching for San Antonio BC : RHP Pete Venegas
Batting: SHB Arsenio Sameiro 0-0: SINGLE (Flyball, 7LS)
Batting: LHB José Vázquez 0-0: Called Strike
0-1: TRIPLE (Line Drive, 7D)
Arsenio Sameiro scores
Batting: RHB Simone Catalani 0-0: Intentional Walk
Batting: SHB Jesús Rodríguez 0-0: Called Strike
0-1: Foul Ball, location: 2F
0-2: Ground out 5-3 (Groundball, 56)
Simone Catalani to second
Batting: RHB Nick Hoskins 0-0: Ball
1-0: Fly out, F5 (Popup, 25)
Batting: LHB Mitchell Cusimano 0-0: Ball
1-0: SINGLE (Line Drive, 56)
José Vázquez scores
Simone Catalani to third
Runner from 3rd tries for Home, SAFE, no throw
Pitching: RHP Michael Taylor
Batting: LHB Phil Minor 0-0: Called Strike
0-1: Ball
Mitchell Cusimano steals 2nd base
1-1: Fly out, F7 (Line Drive, 78S)
Top of the 6th over - 3 runs, 3 hits, 0 errors, 1 left on base; Westwood 6 - San Antonio 0
BOTTOM OF THE 6TH
San Antonio BC batting - Pitching for Westwood Sixshooters : RHP Raúl Colón
Batting: RHB Abraham Phelps 0-0: SINGLE (Flyball, 89S)
Batting: SHB Scotty Vallee 0-0: Ball
1-0: Ball
2-0: Ball
3-0: Base on Balls
Abraham Phelps to second
Batting: SHB Anastasio Delgadilo 0-0: Called Strike
0-1: Ball
Passed Ball!
Abraham Phelps to third
Scotty Vallee to second
1-1: Swinging Strike
1-2: Strikes out swinging
Batting: LHB Raúl Trevino 0-0: Ball
1-0: Ball
2-0: Foul Ball, location: 2F
2-1: Ground out U3 (Groundball, 34)
Abraham Phelps scores
Scotty Vallee to third
Batting: RHB Ben Hampton 0-0: Ball
1-0: Ground out 6-3 (Groundball, 56)
Bottom of the 6th over - 1 run, 1 hit, 0 errors, 1 left on base; Westwood 6 - San Antonio 1
TOP OF THE 7TH
Westwood Sixshooters batting - Pitching for San Antonio BC : RHP Michael Taylor
Batting: RHB Steve Bock 0-0: DOUBLE (Groundball, 5L)
Batting: RHB Jesús Ruano 0-0: Ball
1-0: Ground out 6-3 (Groundball, 6)
Batting: SHB Arsenio Sameiro 0-0: Intentional Walk
Batting: LHB José Vázquez 0-0: TRIPLE (Line Drive, 8RXD)
Steve Bock scores
Arsenio Sameiro scores
Batting: RHB Simone Catalani 0-0: Called Strike
0-1: Ball
1-1: Fly out, F4 (Popup, 4)
Batting: SHB Jesús Rodríguez 0-0: SINGLE (Line Drive, 78M)
José Vázquez scores
Batting: RHB Nick Hoskins 0-0: Ball
1-0: Ball
2-0: Called Strike
2-1: Ball
3-1: SINGLE (Line Drive, 8LS)
Jesús Rodríguez to second
Runner from 2nd tries for 3rd, SAFE, no throw
Batting: LHB Mitchell Cusimano 0-0: Ball
1-0: Swinging Strike
1-1: Foul Ball, location: 2F
Pickoff Throw to First - Error! E1
Jesús Rodríguez scores
Nick Hoskins to second
1-2: Fly out, F5 (Popup, 6)
Top of the 7th over - 4 runs, 4 hits, 1 error, 1 left on base; Westwood 10 - San Antonio 1
BOTTOM OF THE 7TH
San Antonio BC batting - Pitching for Westwood Sixshooters : RHP Raúl Colón
Batting: RHB Orlando Hernández 0-0: Called Strike
0-1: Fly out, F7 (Flyball, 7)
Batting: RHB Louis Litt 0-0: Called Strike
0-1: Called Strike
0-2: Hit by Pitch
Batting: SHB Esteban Borsellino 0-0: Ball
1-0: Foul Ball, location: 2F
1-1: Foul Ball, location: 2F
1-2: Ball
2-2: Strikes out swinging
Batting: RHB Mike Howard 0-0: Swinging Strike
0-1: Swinging Strike
0-2: Ball
Wild Pitch!
Louis Litt to second
1-2: SINGLE (Groundball, 56D)
Louis Litt to third
Runner from 3rd tries for Home, SAFE, throw made home
Batting: RHB Abraham Phelps 0-0: Called Strike
0-1: Swinging Strike
0-2: Fly out, F2 (Popup, 2LF)
Bottom of the 7th over - 1 run, 1 hit, 0 errors, 1 left on base; Westwood 10 - San Antonio 2
TOP OF THE 8TH
Westwood Sixshooters batting - Pitching for San Antonio BC : RHP Michael Taylor
Batting: LHB Phil Minor 0-0: Foul Ball, location: 2F
0-1: Called Strike
0-2: Strikes out swinging
Batting: RHB Steve Bock 0-0: SINGLE (Line Drive, 78M)
Batting: RHB Jesús Ruano 0-0: Called Strike
0-1: Ball
1-1: Ball
2-1: Foul Ball, location: 2F
2-2: Ball
3-2: DOUBLE (Line Drive, 8LXD)
Steve Bock to third
Batting: SHB Arsenio Sameiro 0-0: Ball
1-0: Ball
2-0: Ball
3-0: Called Strike
3-1: Called Strike
3-2: Foul Ball, location: 2F
3-2: Fly out, F6 (Popup, 6M)
Batting: LHB José Vázquez 0-0: Foul Ball, location: 2F
0-1: Ball
1-1: Called Strike
1-2: Strikes out swinging
Top of the 8th over - 0 runs, 2 hits, 0 errors, 2 left on base; Westwood 10 - San Antonio 2
BOTTOM OF THE 8TH
San Antonio BC batting - Pitching for Westwood Sixshooters : RHP Raúl Colón
Batting: SHB Scotty Vallee 0-0: Called Strike
0-1: Ball
1-1: Ball
2-1: Ball
3-1: Swinging Strike
3-2: SINGLE (Line Drive, 7S)
Batting: SHB Anastasio Delgadilo 0-0: Called Strike
0-1: Ball
1-1: Fly out, F7 (Flyball, 7)
Batting: LHB Raúl Trevino 0-0: Foul Ball, location: 2F
0-1: Ball
1-1: Fielders Choice at 2nd, 5-4 (Groundball, 56)
Batting: RHB Ben Hampton 0-0: Ball
1-0: Swinging Strike
1-1: Foul Ball, location: 2F
1-2: Strikes out swinging
Bottom of the 8th over - 0 runs, 1 hit, 0 errors, 1 left on base; Westwood 10 - San Antonio 2
TOP OF THE 9TH
Westwood Sixshooters batting - Pitching for San Antonio BC : RHP Michael Taylor
Batting: RHB Simone Catalani 0-0: Ball
1-0: Swinging Strike
1-1: Ball
2-1: Ball
3-1: SINGLE (Line Drive, 8LS)
Batting: SHB Jesús Rodríguez 0-0: Foul Ball, location: 2F
0-1: Ball
1-1: Ball
2-1: Ball
3-1: Foul Ball, location: 2F
3-2: Strikes out swinging
Batting: RHB Nick Hoskins 0-0: Ball
1-0: Ball
2-0: Fly out, F4 (Line Drive, 4)
Batting: LHB Mitchell Cusimano 0-0: Ball
Simone Catalani steals 2nd base
1-0: Ball
2-0: Ball
3-0: Called Strike
3-1: Base on Balls
Batting: LHB Phil Minor 0-0: DOUBLE (Flyball, 78D)
Simone Catalani scores
Mitchell Cusimano to third
Batting: RHB Steve Bock 0-0: Ball
1-0: Foul Ball, location: 2F
1-1: Ball
2-1: Swinging Strike
2-2: Ground out 5-3 (Groundball, 56)
Top of the 9th over - 1 run, 2 hits, 0 errors, 2 left on base; Westwood 11 - San Antonio 2
BOTTOM OF THE 9TH
San Antonio BC batting - Pitching for Westwood Sixshooters : RHP Raúl Colón
Now in RF: José Martínez
Batting: RHB Orlando Hernández 0-0: Foul Ball, location: 2F
0-1: Swinging Strike
0-2: Ground out 6-3 (Groundball, 6)
Batting: RHB Louis Litt 0-0: Foul Ball, location: 2F
0-1: DOUBLE (Line Drive, 8LD)
Pitching: RHP Bru Sotelo
Batting: SHB Esteban Borsellino 0-0: Called Strike
0-1: Ball
1-1: Ground out U3 (Groundball, 34S)
Louis Litt to third
Batting: RHB Mike Howard 0-0: Called Strike
0-1: Ball
1-1: Foul Ball, location: 2F
1-2: Strikes out swinging
Bottom of the 9th over - 0 runs, 1 hit, 0 errors, 1 left on base; Westwood 11 - San Antonio 2
Sunday, March 18th, 2018 - OOTP Baseball 18.8 Build 76